Penguins vs Kings

Created - 21 janvier 2016 at 19:04

Goals
1 2 3 T
Penguins 2 1 4 7
Kings 2 0 0 2
Shots
1 2 3 T
Penguins 11 6 11 28
Kings 11 10 7 28

1st period

1. Kings , Scottie Upshall 13 (Anze Kopitar) at 5:44
2. Kings , Guillaume Latendresse 16 (Anze Kopitar) at 10:53
3. Penguins , Nathan Horton 14 (Steven Stamkos, Simon Gagné) at 17:58
4. Penguins , Dustin Penner 8 (Ryan Kesler, Bobby Ryan) at 19:15 (PP)

Penalties :
Trevor Daley (LAK) for High sticking (Minor) at 7:41, Steve Sullivan (Pit) for Interference (Minor) at 13:49, Guillaume Latendresse (LAK) for Hooking (Minor) at 18:01

2nd period

5. Penguins , Bobby Ryan 15 (Dustin Penner) at 3:09

Penalties :
Blake Wheeler (LAK) for Tripping (Minor) at 3:12, Dustin Byfuglien (LAK) for Elbowing (Minor) at 8:29

3rd period

6. Penguins , Nathan Horton 15 (Steven Stamkos, Brooks Orpik) at 0:22
7. Penguins , Dustin Penner 9 (Luke Schenn, Brooks Orpik) at 9:46
8. Penguins , Ryan Kesler 19 (Bobby Ryan, Sean Zimmerman) at 12:40
9. Penguins , David Jones 6 (Steve Sullivan, Oleg Kvasha) at 13:42

Penalties :
Bobby Ryan (Pit) for Interference (Minor) at 2:50, Boyd Devereaux (LAK) for Fighting (Major) at 15:28, Paul Ranger (Pit) for Fighting (Major) at 15:28

Goalie Stats

Brian Elliott (Pit), 26 saves from 28 shots - (0,929), W, 23-12-3, 60:00 minutes
Jean-Sébastien Giguère (LAK), 5 saves from 8 shots - (0,625), 19:38 minutes
Viktor Fasth (LAK), 16 saves from 20 shots - (0,800), L, 20-14-0, 40:22 minutes

Players Stats for Penguins

Player Name              G  A  P  +/- PIM S  H  SB GA TA FO     MP     PP MP  PK MP  
------------------------------------------------------------------------------------
Bobby Ryan               1  2  3   3  2   1  0  1  0  0  1/1    18:33   3:34   0:31 
Brendan Smith            0  0  0   3  0   0  1  1  0  1  0/0    22:18   2:56   2:07 
Brent Sopel              0  0  0   0  0   1  0  0  0  0  0/0    14:28   2:56   0:00 
Brian McGrattan          0  0  0   0  0   0  1  1  1  1  0/0     7:25   0:00   0:00 
Brooks Orpik             0  2  2   5  0   1  3  1  0  0  0/0    22:04   0:00   2:07 
David Jones              1  0  1   0  0   3  1  0  0  0  0/0    12:35   0:00   0:00 
Denis Arkhipov           0  0  0   0  0   0  1  0  0  0  2/4     8:32   0:00   1:04 
Dustin Penner            2  1  3   3  0   4  0  0  1  0  0/1    19:19   3:34   1:16 
Ladislav Nagy            0  0  0   0  0   2  0  0  0  0  0/0     7:39   0:00   0:14 
Luke Schenn              0  1  1   1  0   1  2  0  1  0  0/0    26:43   4:15   1:51 
Nathan Horton            2  0  2   1  0   3  4  0  2  0  1/1    19:00   3:37   1:01 
Oleg Kvasha              0  1  1   0  0   3  0  0  0  0  5/5    12:35   0:00   0:00 
Paul Ranger              0  0  0   0  5   0  0  0  0  1  0/0    10:33   0:00   0:00 
Ryan Kesler              1  1  2   3  0   2  2  0  0  2  13/29  19:53   3:34   1:53 
Sean Zimmerman           0  1  1  -1  0   0  1  1  0  0  0/0    23:53   4:15   1:51 
Simon Gagné              0  1  1   1  0   2  0  0  0  0  0/1    19:56   3:37   1:57 
Steve Sullivan           0  1  1   0  2   1  1  0  1  0  1/1    12:37   0:00   0:00 
Steven Stamkos           0  2  2   1  0   4  2  0  2  0  10/20  17:56   3:37   0:00 

Players Stats for Kings

Player Name              G  A  P  +/- PIM S  H  SB GA TA FO     MP     PP MP  PK MP  
------------------------------------------------------------------------------------
Andrei Kostitsyn         0  0  0  -2  0   3  0  0  1  2  0/0    18:08   2:07   0:38 
Anze Kopitar             0  2  2   0  0   3  2  1  1  0  10/23  17:50   2:07   0:46 
Blake Wheeler            0  0  0   0  2   1  1  1  0  0  2/3    17:15   1:35   1:11 
Boyd Devereaux           0  0  0  -1  5   1  1  1  0  1  7/13   15:03   0:00   3:52 
Dion Phaneuf             0  0  0   0  0   0  1  2  2  0  0/0     8:49   1:04   1:16 
Drew Doughty             0  0  0   0  0   1  1  2  0  0  0/0    23:48   1:51   3:08 
Dustin Byfuglien         0  0  0  -1  2   1  0  0  0  0  0/1     8:46   0:00   1:40 
Guillaume Latendresse    1  0  1   0  2   4  6  1  0  0  1/1    16:12   1:51   0:00 
Johnny Oduya             0  0  0  -4  0   1  3  0  1  0  0/0    26:29   1:55   3:58 
Jordan Nolan             0  0  0  -1  0   1  2  0  0  0  1/5     9:35   2:07   0:00 
Lubomir Visnovsky        0  0  0   1  0   0  2  2  0  0  0/0    18:55   0:03   3:58 
Martin Samuelsson        0  0  0  -1  0   0  1  0  0  0  0/0    11:03   0:00   3:43 
Matt Duchene             0  0  0  -2  0   3  1  0  0  0  9/17   16:51   1:51   0:00 
Miroslav Satan           0  0  0  -1  0   2  4  0  0  0  0/0    12:21   0:00   0:00 
Scottie Upshall          1  0  1  -1  0   3  3  0  0  0  0/0    14:53   0:00   2:32 
Tomas Kaberle            0  0  0  -2  0   2  1  0  0  4  0/0    18:26   0:03   0:23 
Trevor Daley             0  0  0  -3  2   1  2  0  0  1  0/0    21:49   1:25   1:39 
Vladimir Tarasenko       0  0  0  -2  0   1  1  0  0  0  0/0    16:31   1:51   0:00 

3 Stars

1 - Dustin Penner (Pit)
2 - Nathan Horton (Pit)
3 - Brooks Orpik (Pit)

Power Play

Penguins - 1 on 4 Attempt(s) - 25,00%
Kings - 0 on 2 Attempt(s) - 0,00%

Penalty Kill

Penguins - 2 on 2 Attempt(s) - 100,00% - Score 0 goal in Penalty Kill
Kings - 3 on 4 Attempt(s) - 75,00% - Score 0 goal in Penalty Kill

Team Stat

Penguins - Hits : 19 - Faceoff Wins : 33 - Blocked Shots : 5 - Penalty Minutes : 9
Kings - Hits : 32 - Faceoff Wins : 30 - Blocked Shots : 10 - Penalty Minutes : 13

Official

Referees : McCreary Bill and Devorski Paul
Linesman : Brad Lazarowich and Greg Devorski

Game Notes

Dion Phaneuf is injured at 19:25 of 1st period (Right Wrist)
Jean-Sébastien Giguère enters game at 0:22 of 3rd period
Boyd Devereaux and Paul Ranger fight to a draw at 15:28 of 3rd period

Finance

Level 1 -- Attendance: 6000 (100,00%) -- Ticket Income 390 000 $
Level 2 -- Attendance: 5000 (100,00%) -- Ticket Income 200 000 $
Level 3 -- Attendance: 2000 (100,00%) -- Ticket Income 40 000 $
Level 4 -- Attendance: 4000 (100,00%) -- Ticket Income 60 000 $
Luxury Box -- Attendance: 982 (98,20%) -- Ticket Income 122 750 $
Game was played at the Staples Center.
Total Attendance: 17982 (99,90%)
Total Ticket Income: 812 750 $
Other Income: 121 912 $
Total Income: 934 662 $

Penguins

5 vs 5 Forward 
   Center                   Left Wing                Right Wing               Time % Phy DF OF 
 1 Steven Stamkos           Simon Gagné              Nathan Horton            35     0   1  4  
 2 Ryan Kesler              Dustin Penner            Bobby Ryan               35     0   1  4  
 3 Oleg Kvasha              Steve Sullivan           David Jones              20     0   1  4  
 4 Denis Arkhipov           Ladislav Nagy            Brian McGrattan          10     0   1  4  

5 vs 5 Defense 
   Defense                  Defense                                           Time % Phy DF OF 
 1 Sean Zimmerman           Luke Schenn                                       35     0   2  3  
 2 Brooks Orpik             Brendan Smith                                     35     0   2  3  
 3 Paul Ranger              Brent Sopel                                       20     0   2  3  
 4 Brooks Orpik             Luke Schenn                                       10     0   2  3  

PowerPlay Forward 
   Center                   Left Wing                Right Wing               Time % Phy DF OF 
 1 Steven Stamkos           Simon Gagné              Nathan Horton            50     0   0  5  
 2 Ryan Kesler              Dustin Penner            Bobby Ryan               50     0   0  5  

PowerPlay Defense
   Defense                  Defense                                           Time % Phy DF OF 
 1 Sean Zimmerman           Luke Schenn                                       50     0   1  4  
 2 Brendan Smith            Brent Sopel                                       50     0   1  4  

Penalty Kill 4 Players Forward 
   Center                   Wing                     Time % Phy DF OF 
 1 Ryan Kesler              Simon Gagné              60     0   5  0  
 2 Nathan Horton            Bobby Ryan               40     0   5  0  

Penalty Kill 4 Players Defense
   Defense                  Defense                  Time % Phy DF OF 
 1 Sean Zimmerman           Luke Schenn              60     0   5  0  
 2 Brooks Orpik             Brendan Smith            40     0   5  0  

Penalty Kill - 3 Players Forward 
   Forward                                           Time % Phy DF OF 
 1 Simon Gagné                                       60     0   5  0  
 2 Nathan Horton                                     40     0   5  0  

Penalty Kill - 3 Players Defense
   Defense                  Defense                  Time % Phy DF OF 
 1 Sean Zimmerman           Luke Schenn              60     0   5  0  
 2 Brooks Orpik             Brendan Smith            40     0   5  0  

4 vs 4 Forward 
   Center                   Wing                     Time % Phy DF OF 
 1 Steven Stamkos           Simon Gagné              50     0   2  3  
 2 Ryan Kesler              Nathan Horton            50     0   2  3  

4 vs 4 Defense
   Defense                  Defense                  Time % Phy DF OF 
 1 Sean Zimmerman           Luke Schenn              50     0   2  3  
 2 Brendan Smith            Brent Sopel              50     0   2  3  

Last Minutes Offensive
   Center                   Left Wing                Right Wing               Defense                  Defense                  
   Steven Stamkos           Simon Gagné              Nathan Horton            Sean Zimmerman           Luke Schenn              

Last Minutes Defensive
   Center                   Left Wing                Right Wing               Defense                  Defense                  
   Ryan Kesler              Simon Gagné              Nathan Horton            Sean Zimmerman           Luke Schenn              

Goaltenders
Starting : Brian Elliott            
Backup : Josh Tordjman            

Extra Forwards
Normal : Ryan Kesler, Steven Stamkos, Bobby Ryan - PP : Ryan Kesler, Steven Stamkos - PK : Simon Gagné
Extra Defensemen
Normal : Luke Schenn, Sean Zimmerman, Brent Sopel - PP : Luke Schenn - PK : Sean Zimmerman, Brooks Orpik
Penalty Shots
Ryan Kesler, Simon Gagné, Nathan Horton, Bobby Ryan, Steven Stamkos

Kings

5 vs 5 Forward 
   Center                   Left Wing                Right Wing               Time % Phy DF OF 
 1 Anze Kopitar             Guillaume Latendresse    Blake Wheeler            30     1   1  3  
 2 Matt Duchene             Andrei Kostitsyn         Vladimir Tarasenko       30     0   3  2  
 3 Boyd Devereaux           Scottie Upshall          Miroslav Satan           25     0   3  2  
 4 Jordan Nolan             Martin Samuelsson        Dustin Byfuglien         15     0   4  1  

5 vs 5 Defense 
   Defense                  Defense                                           Time % Phy DF OF 
 1 Dion Phaneuf             Tomas Kaberle                                     40     1   3  1  
 2 Johnny Oduya             Trevor Daley                                      35     1   3  1  
 3 Drew Doughty             Lubomir Visnovsky                                 25     1   3  1  
 4 Dion Phaneuf             Lubomir Visnovsky                                 0      1   3  1  

PowerPlay Forward 
   Center                   Left Wing                Right Wing               Time % Phy DF OF 
 1 Anze Kopitar             Andrei Kostitsyn         Jordan Nolan             60     1   1  3  
 2 Matt Duchene             Guillaume Latendresse    Vladimir Tarasenko       40     0   2  3  

PowerPlay Defense
   Defense                  Defense                                           Time % Phy DF OF 
 1 Drew Doughty             Dion Phaneuf                                      60     0   2  3  
 2 Johnny Oduya             Blake Wheeler                                     40     0   3  2  

Penalty Kill 4 Players Forward 
   Center                   Wing                     Time % Phy DF OF 
 1 Boyd Devereaux           Martin Samuelsson        60     1   3  1  
 2 Dustin Byfuglien         Scottie Upshall          40     1   3  1  

Penalty Kill 4 Players Defense
   Defense                  Defense                  Time % Phy DF OF 
 1 Lubomir Visnovsky        Johnny Oduya             60     1   4  0  
 2 Dion Phaneuf             Drew Doughty             40     1   4  0  

Penalty Kill - 3 Players Forward 
   Forward                                           Time % Phy DF OF 
 1 Anze Kopitar                                      60     0   4  1  
 2 Andrei Kostitsyn                                  40     0   4  1  

Penalty Kill - 3 Players Defense
   Defense                  Defense                  Time % Phy DF OF 
 1 Lubomir Visnovsky        Johnny Oduya             60     1   4  0  
 2 Dion Phaneuf             Drew Doughty             40     1   4  0  

4 vs 4 Forward 
   Center                   Wing                     Time % Phy DF OF 
 1 Anze Kopitar             Blake Wheeler            60     1   2  2  
 2 Matt Duchene             Andrei Kostitsyn         40     1   2  2  

4 vs 4 Defense
   Defense                  Defense                  Time % Phy DF OF 
 1 Dion Phaneuf             Drew Doughty             60     1   2  2  
 2 Johnny Oduya             Trevor Daley             40     1   2  2  

Last Minutes Offensive
   Center                   Left Wing                Right Wing               Defense                  Defense                  
   Matt Duchene             Andrei Kostitsyn         Anze Kopitar             Dion Phaneuf             Drew Doughty             

Last Minutes Defensive
   Center                   Left Wing                Right Wing               Defense                  Defense                  
   Boyd Devereaux           Martin Samuelsson        Blake Wheeler            Dion Phaneuf             Johnny Oduya             

Goaltenders
Starting : Viktor Fasth             
Backup : Jean-Sébastien Giguère   

Extra Forwards
Normal : Jordan Nolan, Matt Duchene, Dustin Byfuglien - PP : Scottie Upshall, Dustin Byfuglien - PK : Blake Wheeler
Extra Defensemen
Normal : Drew Doughty, Dion Phaneuf, Johnny Oduya - PP : Trevor Daley - PK : Trevor Daley, Tomas Kaberle
Penalty Shots
Anze Kopitar, Blake Wheeler, Guillaume Latendresse, Andrei Kostitsyn, Boyd Devereaux

% Time on Ice - Penguins

Lines # - Real PCT - Wanted PCT - Time Play
Normal Forward
1 - 29% - 35% - 14:22
2 - 30% - 35% - 14:29
3 - 26% - 20% - 12:35
4 - 15% - 10% - 7:25
Normal Defense
1 - 36% - 35% - 17:22
2 - 35% - 35% - 17:05
3 - 23% - 20% - 11:20
4 - 6% - 10% - 3:04
PP Forward
1 - 50% - 50% - 3:37
2 - 50% - 50% - 3:34
PP Defense
1 - 59% - 50% - 4:15
2 - 41% - 50% - 2:56
PK Forward
1 - 74% - 60% - 2:57
2 - 26% - 40% - 1:01
PK Defense
1 - 47% - 60% - 1:51
2 - 53% - 40% - 2:07
PK3 Forward
1 - 0% - 60%
2 - 0% - 40%
PK3 Defense
1 - 0% - 60%
2 - 0% - 40%
44 Forward
1 - 0% - 50%
2 - 0% - 50%
44 Defense
1 - 0% - 50%
2 - 0% - 50%
Last Minute Offensive  - 0:00
Last Minute Defensive  - 0:00
Total
Forward - 60:00
Defense - 60:00

% Time on Ice - Kings

Lines # - Real PCT - Wanted PCT - Time Play
Normal Forward
1 - 31% - 30% - 14:59
2 - 30% - 30% - 14:40
3 - 25% - 25% - 12:21
4 - 14% - 15% - 6:51
Normal Defense
1 - 40% - 40% - 19:36
2 - 32% - 35% - 15:31
3 - 19% - 25% - 9:13
4 - 9% - 0% - 4:31
PP Forward
1 - 53% - 60% - 2:07
2 - 47% - 40% - 1:51
PP Defense
1 - 60% - 60% - 2:23
2 - 40% - 40% - 1:35
PK Forward
1 - 65% - 60% - 4:39
2 - 35% - 40% - 2:32
PK Defense
1 - 55% - 60% - 3:58
2 - 45% - 40% - 3:13
PK3 Forward
1 - 0% - 60%
2 - 0% - 40%
PK3 Defense
1 - 0% - 60%
2 - 0% - 40%
44 Forward
1 - 0% - 60%
2 - 0% - 40%
44 Defense
1 - 0% - 60%
2 - 0% - 40%
Last Minute Offensive  - 0:00
Last Minute Defensive  - 0:00
Total
Forward - 60:00
Defense - 60:00

Play by Play

1st period


0:01 of 1st period - Steven Stamkos wins face-off versus Anze Kopitar in neutral zone.
0:13 of 1st period - Icing by Dion Phaneuf.
0:14 of 1st period - Anze Kopitar wins face-off versus Ryan Kesler in Kings zone.
0:25 of 1st period - Snap shot by Anze Kopitar.
0:25 of 1st period - Stopped by Brian Elliott without a rebound.
0:26 of 1st period - Oleg Kvasha wins face-off versus Matt Duchene in Penguins zone.
0:53 of 1st period - Paul Ranger is hit by Trevor Daley and loses puck.
3:12 of 1st period - Trevor Daley is hit by Steven Stamkos and loses puck.
3:30 of 1st period - Dion Phaneuf is hit by Steve Sullivan and loses puck.
3:46 of 1st period - Snap shot by Scottie Upshall.
3:46 of 1st period - Deflect By Miroslav Satan.
3:46 of 1st period - Stopped by Brian Elliott without a rebound.
3:47 of 1st period - Ryan Kesler wins face-off versus Boyd Devereaux in Penguins zone.
3:58 of 1st period - Wrist shot by Miroslav Satan.
3:58 of 1st period - Stopped by Brian Elliott without a rebound.
3:59 of 1st period - Matt Duchene wins face-off versus Steven Stamkos in Penguins zone.
5:18 of 1st period - Wrist shot by David Jones.
5:18 of 1st period - Stopped by Viktor Fasth without a rebound.
5:19 of 1st period - Matt Duchene wins face-off versus Steven Stamkos in Kings zone.
5:44 of 1st period - Snap shot by Scottie Upshall.
5:44 of 1st period - Goal by Scottie Upshall - Penguins : 0 - Kings : 1.
5:45 of 1st period - Ryan Kesler wins face-off versus Anze Kopitar in neutral zone.
5:54 of 1st period - Snap shot by Guillaume Latendresse.
5:54 of 1st period - Shot Misses the Net.
5:56 of 1st period - Wrist shot by Drew Doughty.
5:56 of 1st period - Shot Misses the Net.
5:58 of 1st period - Slapshot by Lubomir Visnovsky.
5:58 of 1st period - Shot Blocked by Bobby Ryan.
6:00 of 1st period - Wrist shot by Drew Doughty.
6:00 of 1st period - Shot Misses the Net.
6:41 of 1st period - Snap shot by Dustin Byfuglien.
6:41 of 1st period - Shot Misses the Net.
6:43 of 1st period - Snap shot by Jordan Nolan.
6:43 of 1st period - Stopped by Brian Elliott without a rebound.
6:44 of 1st period - Matt Duchene wins face-off versus Ryan Kesler in Penguins zone.
6:47 of 1st period - Snap shot by Andrei Kostitsyn.
6:47 of 1st period - Shot Misses the Net.
7:41 of 1st period - Minor Penalty to Trevor Daley for High sticking.
7:42 of 1st period - Boyd Devereaux wins face-off versus Steven Stamkos in Kings zone.
9:41 of 1st period - Penalty to Trevor Daley is over, Trevor Daley is back on ice.
10:39 of 1st period - Wrist shot by Boyd Devereaux.
10:39 of 1st period - Shot Blocked by Brian McGrattan.
10:41 of 1st period - Snap shot by Scottie Upshall.
10:41 of 1st period - Stopped by Brian Elliott with a rebound.
10:53 of 1st period - Wrist shot by Guillaume Latendresse.
10:53 of 1st period - Goal by Guillaume Latendresse - Penguins : 0 - Kings : 2.
10:54 of 1st period - Matt Duchene wins face-off versus Ryan Kesler in neutral zone.
11:21 of 1st period - Nathan Horton is hit by Johnny Oduya and loses puck.
11:42 of 1st period - Sean Zimmerman is hit by Dion Phaneuf and loses puck.
12:07 of 1st period - Anze Kopitar is hit by Denis Arkhipov and loses puck.
12:19 of 1st period - Icing by Sean Zimmerman.
12:20 of 1st period - Matt Duchene wins face-off versus Denis Arkhipov in Penguins zone.
12:35 of 1st period - Slapshot by Luke Schenn.
12:35 of 1st period - Stopped by Viktor Fasth without a rebound.
12:36 of 1st period - Boyd Devereaux wins face-off versus Ryan Kesler in Kings zone.
13:09 of 1st period - Wrist shot by Andrei Kostitsyn.
13:09 of 1st period - Shot Misses the Net.
13:49 of 1st period - Minor Penalty to Steve Sullivan for Interference.
13:50 of 1st period - Ryan Kesler wins face-off versus Anze Kopitar in Penguins zone.
13:58 of 1st period - Snap shot by Ryan Kesler.
13:58 of 1st period - Shot Blocked by Anze Kopitar.
15:49 of 1st period - Penalty to Steve Sullivan is over, Steve Sullivan is back on ice.
15:57 of 1st period - Wrist shot by David Jones.
15:57 of 1st period - Stopped by Viktor Fasth with a rebound.
15:59 of 1st period - Wrist shot by David Jones.
15:59 of 1st period - Shot Hit the Post.
16:03 of 1st period - Snap shot by Oleg Kvasha.
16:03 of 1st period - Stopped by Viktor Fasth without a rebound.
16:04 of 1st period - Steve Sullivan wins face-off versus Boyd Devereaux in Kings zone.
16:11 of 1st period - Wrist shot by Oleg Kvasha.
16:11 of 1st period - Shot Misses the Net.
16:13 of 1st period - Slapshot by Brent Sopel.
16:13 of 1st period - Stopped by Viktor Fasth without a rebound.
16:14 of 1st period - Oleg Kvasha wins face-off versus Boyd Devereaux in Kings zone.
16:19 of 1st period - Snap shot by Steve Sullivan.
16:19 of 1st period - Shot Misses the Net.
16:21 of 1st period - Backhand shot by Paul Ranger.
16:21 of 1st period - Shot Blocked by Boyd Devereaux.
16:23 of 1st period - Snap shot by Oleg Kvasha.
16:23 of 1st period - Stopped by Viktor Fasth with a rebound.
16:25 of 1st period - Snap shot by Brent Sopel.
16:25 of 1st period - Shot Misses the Net.
16:27 of 1st period - Slapshot by Brent Sopel.
16:27 of 1st period - Shot Blocked by Drew Doughty.
16:29 of 1st period - Snap shot by Oleg Kvasha.
16:29 of 1st period - Stopped by Viktor Fasth without a rebound.
16:30 of 1st period - Ryan Kesler wins face-off versus Matt Duchene in Kings zone.
16:31 of 1st period - Snap shot by Bobby Ryan.
16:31 of 1st period - Shot Misses the Net.
16:39 of 1st period - Slapshot by Andrei Kostitsyn.
16:39 of 1st period - Deflect By Vladimir Tarasenko.
16:39 of 1st period - Shot Blocked by Sean Zimmerman.
16:39 of 1st period - Puck is out of play.
16:40 of 1st period - Ryan Kesler wins face-off versus Matt Duchene in Penguins zone.
17:01 of 1st period - Andrei Kostitsyn is hit by Ryan Kesler and loses puck.
17:26 of 1st period - Wrist shot by Andrei Kostitsyn.
17:26 of 1st period - Stopped by Brian Elliott without a rebound.
17:27 of 1st period - Anze Kopitar wins face-off versus Steven Stamkos in Penguins zone.
17:40 of 1st period - Wrist shot by Blake Wheeler.
17:40 of 1st period - Stopped by Brian Elliott with a rebound.
17:42 of 1st period - Slapshot by Trevor Daley.
17:42 of 1st period - Deflect By Brooks Orpik.
17:42 of 1st period - Stopped by Brian Elliott without a rebound.
17:43 of 1st period - Nathan Horton wins face-off versus Boyd Devereaux in Penguins zone.
17:56 of 1st period - Snap shot by Steven Stamkos.
17:56 of 1st period - Stopped by Viktor Fasth with a rebound.
17:58 of 1st period - Backhand shot by Nathan Horton.
17:58 of 1st period - Goal by Nathan Horton - Penguins : 1 - Kings : 2.
17:59 of 1st period - Anze Kopitar wins face-off versus Steven Stamkos in neutral zone.
18:01 of 1st period - Minor Penalty to Guillaume Latendresse for Hooking.
18:02 of 1st period - Boyd Devereaux wins face-off versus Dustin Penner in Kings zone.
18:18 of 1st period - Wrist shot by Bobby Ryan.
18:18 of 1st period - Shot Blocked by Lubomir Visnovsky.
18:47 of 1st period - Icing by Luke Schenn.
18:48 of 1st period - Boyd Devereaux wins face-off versus Steven Stamkos in Penguins zone.
19:07 of 1st period - Wrist shot by Ryan Kesler.
19:07 of 1st period - Deflect By Drew Doughty.
19:07 of 1st period - Shot Misses the Net.
19:07 of 1st period - Puck is out of play.
19:08 of 1st period - Ryan Kesler wins face-off versus Dustin Byfuglien in Kings zone.
19:15 of 1st period - Wrist shot by Dustin Penner.
19:15 of 1st period - Goal by Dustin Penner - Penguins : 2 - Kings : 2.
19:16 of 1st period - Steven Stamkos wins face-off versus Anze Kopitar in neutral zone.
19:21 of 1st period - Slapshot by Brendan Smith.
19:21 of 1st period - Shot Blocked by Dion Phaneuf.
19:23 of 1st period - Snap shot by Nathan Horton.
19:23 of 1st period - Shot Blocked by Guillaume Latendresse.
19:25 of 1st period - Snap shot by Nathan Horton.
19:25 of 1st period - Deflect By Steven Stamkos.
19:25 of 1st period - Shot Blocked by Dion Phaneuf.
19:25 of 1st period - Dion Phaneuf from Kings is injured at 19:25 of 1st period (Right Wrist).
19:26 of 1st period - Steven Stamkos wins face-off versus Anze Kopitar in Kings zone.
19:27 of 1st period - Snap shot by Nathan Horton.
19:27 of 1st period - Stopped by Viktor Fasth with a rebound.
19:41 of 1st period - Backhand shot by Guillaume Latendresse.
19:41 of 1st period - Stopped by Brian Elliott with a rebound.
19:43 of 1st period - Slapshot by Drew Doughty.
19:43 of 1st period - Shot Blocked by Brooks Orpik.
Goals for this period are 2 for Penguins vs 2 for Kings.
Shots for this period are 11 for Penguins vs 11 for Kings.

2nd period


0:01 of 2nd period - Ryan Kesler wins face-off versus Anze Kopitar in neutral zone.
0:06 of 2nd period - Wrist shot by Anze Kopitar.
0:06 of 2nd period - Stopped by Brian Elliott with a rebound.
0:08 of 2nd period - Snap shot by Tomas Kaberle.
0:08 of 2nd period - Deflect By Ryan Kesler.
0:08 of 2nd period - Stopped by Brian Elliott with a rebound.
0:10 of 2nd period - Wrist shot by Guillaume Latendresse.
0:10 of 2nd period - Shot Misses the Net.
0:12 of 2nd period - Slapshot by Guillaume Latendresse.
0:12 of 2nd period - Deflect By Anze Kopitar.
0:12 of 2nd period - Stopped by Brian Elliott without a rebound.
0:13 of 2nd period - Boyd Devereaux wins face-off versus Steven Stamkos in Penguins zone.
0:14 of 2nd period - Slapshot by Drew Doughty.
0:14 of 2nd period - Stopped by Brian Elliott with a rebound.
0:16 of 2nd period - Slapshot by Tomas Kaberle.
0:16 of 2nd period - Deflect By Nathan Horton.
0:16 of 2nd period - Stopped by Brian Elliott with a rebound.
1:00 of 2nd period - Snap shot by Ladislav Nagy.
1:00 of 2nd period - Stopped by Viktor Fasth without a rebound.
1:01 of 2nd period - Denis Arkhipov wins face-off versus Jordan Nolan in Kings zone.
1:46 of 2nd period - Bobby Ryan is hit by Scottie Upshall and loses puck.
2:25 of 2nd period - Andrei Kostitsyn is hit by David Jones and loses puck.
2:43 of 2nd period - Off-side.
2:44 of 2nd period - Steven Stamkos wins face-off versus Anze Kopitar in neutral zone.
2:47 of 2nd period - Snap shot by Simon Gagné.
2:47 of 2nd period - Deflect By Blake Wheeler.
2:47 of 2nd period - Shot Blocked by Blake Wheeler.
2:47 of 2nd period - Puck is out of play.
2:48 of 2nd period - Anze Kopitar wins face-off versus Steven Stamkos in Kings zone.
2:48 of 2nd period - Anze Kopitar is hit by Brooks Orpik.
3:01 of 2nd period - Wrist shot by Simon Gagné.
3:01 of 2nd period - Stopped by Viktor Fasth without a rebound.
3:02 of 2nd period - Boyd Devereaux wins face-off versus Ryan Kesler in Kings zone.
3:09 of 2nd period - Snap shot by Bobby Ryan.
3:09 of 2nd period - Goal by Bobby Ryan - Penguins : 3 - Kings : 2.
3:10 of 2nd period - Anze Kopitar wins face-off versus Ryan Kesler in neutral zone.
3:12 of 2nd period - Minor Penalty to Blake Wheeler for Tripping.
3:13 of 2nd period - Steven Stamkos wins face-off versus Boyd Devereaux in Kings zone.
5:12 of 2nd period - Penalty to Blake Wheeler is over, Blake Wheeler is back on ice.
5:34 of 2nd period - Anze Kopitar is hit by Sean Zimmerman.
5:44 of 2nd period - Ladislav Nagy is hit by Jordan Nolan and loses puck.
6:31 of 2nd period - Bobby Ryan is hit by Anze Kopitar and loses puck.
6:50 of 2nd period - Slapshot by Andrei Kostitsyn.
6:50 of 2nd period - Shot Misses the Net.
7:00 of 2nd period - Miroslav Satan is hit by Steven Stamkos and loses puck.
7:07 of 2nd period - Nathan Horton is hit by Johnny Oduya and loses puck.
7:40 of 2nd period - Ryan Kesler is hit by Drew Doughty and loses puck.
7:51 of 2nd period - Andrei Kostitsyn is hit by Brian McGrattan and loses puck.
8:09 of 2nd period - Luke Schenn is hit by Scottie Upshall.
8:29 of 2nd period - Minor Penalty to Dustin Byfuglien for Elbowing.
8:30 of 2nd period - Boyd Devereaux wins face-off versus Steven Stamkos in Kings zone.
8:36 of 2nd period - Johnny Oduya is hit by Nathan Horton and loses puck.
8:56 of 2nd period - Icing by Dustin Penner.
8:57 of 2nd period - Blake Wheeler wins face-off versus Ryan Kesler in Penguins zone.
9:04 of 2nd period - Snap shot by Scottie Upshall.
9:04 of 2nd period - Shot Misses the Net.
9:22 of 2nd period - Steven Stamkos is hit by Boyd Devereaux and loses puck.
10:29 of 2nd period - Penalty to Dustin Byfuglien is over, Dustin Byfuglien is back on ice.
10:30 of 2nd period - Icing by Brendan Smith.
10:31 of 2nd period - Matt Duchene wins face-off versus Ryan Kesler in Penguins zone.
10:34 of 2nd period - Snap shot by Andrei Kostitsyn.
10:34 of 2nd period - Stopped by Brian Elliott with a rebound.
10:40 of 2nd period - Wrist shot by Andrei Kostitsyn.
10:40 of 2nd period - Stopped by Brian Elliott without a rebound.
10:41 of 2nd period - Oleg Kvasha wins face-off versus Matt Duchene in Penguins zone.
10:56 of 2nd period - Wrist shot by Matt Duchene.
10:56 of 2nd period - Stopped by Brian Elliott with a rebound.
10:58 of 2nd period - Wrist shot by Vladimir Tarasenko.
10:58 of 2nd period - Stopped by Brian Elliott without a rebound.
10:59 of 2nd period - Anze Kopitar wins face-off versus Steven Stamkos in Penguins zone.
11:45 of 2nd period - Icing by Bobby Ryan.
11:46 of 2nd period - Oleg Kvasha wins face-off versus Matt Duchene in Penguins zone.
12:26 of 2nd period - Andrei Kostitsyn is hit by Nathan Horton and loses puck.
12:39 of 2nd period - Wrist shot by Matt Duchene.
12:39 of 2nd period - Stopped by Brian Elliott without a rebound.
12:40 of 2nd period - Guillaume Latendresse wins face-off versus Ryan Kesler in Penguins zone.
13:06 of 2nd period - Steve Sullivan is hit by Miroslav Satan and loses puck.
13:29 of 2nd period - Slapshot by Brendan Smith.
13:29 of 2nd period - Deflect By Nathan Horton.
13:29 of 2nd period - Shot Hit the Post.
13:29 of 2nd period - Puck is out of play.
13:30 of 2nd period - Steven Stamkos wins face-off versus Jordan Nolan in Kings zone.
13:39 of 2nd period - Snap shot by Nathan Horton.
13:39 of 2nd period - Shot Misses the Net.
14:15 of 2nd period - Snap shot by Oleg Kvasha.
14:15 of 2nd period - Deflect By Steve Sullivan.
14:15 of 2nd period - Stopped by Viktor Fasth with a rebound.
14:41 of 2nd period - Wrist shot by Ladislav Nagy.
14:41 of 2nd period - Deflect By Denis Arkhipov.
14:41 of 2nd period - Shot Blocked by Drew Doughty.
14:41 of 2nd period - Puck is out of play.
14:42 of 2nd period - Ryan Kesler wins face-off versus Anze Kopitar in Kings zone.
14:43 of 2nd period - Snap shot by Bobby Ryan.
14:43 of 2nd period - Shot Misses the Net.
15:09 of 2nd period - Drew Doughty is hit by Nathan Horton.
15:42 of 2nd period - Icing by Trevor Daley.
15:43 of 2nd period - Matt Duchene wins face-off versus Ryan Kesler in Kings zone.
15:54 of 2nd period - Wrist shot by Dustin Penner.
15:54 of 2nd period - Stopped by Viktor Fasth with a rebound.
16:52 of 2nd period - Snap shot by Steven Stamkos.
16:52 of 2nd period - Stopped by Viktor Fasth without a rebound.
16:53 of 2nd period - Anze Kopitar wins face-off versus Ryan Kesler in Kings zone.
17:45 of 2nd period - Denis Arkhipov is hit by Lubomir Visnovsky and loses puck.
18:13 of 2nd period - Ryan Kesler is hit by Guillaume Latendresse and loses puck.
18:30 of 2nd period - Brent Sopel is hit by Miroslav Satan.
19:02 of 2nd period - Steve Sullivan is hit by Anze Kopitar and loses puck.
19:28 of 2nd period - Andrei Kostitsyn is hit by Luke Schenn and loses puck.
19:43 of 2nd period - Brooks Orpik is hit by Miroslav Satan and loses puck.
Goals for this period are 1 for Penguins vs 0 for Kings.
Shots for this period are 6 for Penguins vs 10 for Kings.

3rd period


0:01 of 3rd period - Steven Stamkos wins face-off versus Anze Kopitar in neutral zone.
0:04 of 3rd period - Wrist shot by Simon Gagné.
0:04 of 3rd period - Stopped by Viktor Fasth with a rebound.
0:06 of 3rd period - Slapshot by Brooks Orpik.
0:06 of 3rd period - Stopped by Viktor Fasth without a rebound.
0:07 of 3rd period - Steven Stamkos wins face-off versus Anze Kopitar in Kings zone.
0:16 of 3rd period - Snap shot by Steven Stamkos.
0:16 of 3rd period - Shot Misses the Net.
0:22 of 3rd period - Slapshot by Nathan Horton.
0:22 of 3rd period - Goal by Nathan Horton - Penguins : 4 - Kings : 2.
0:22 of 3rd period - Jean-Sébastien Giguère enters game.
0:23 of 3rd period - Blake Wheeler wins face-off versus Ryan Kesler in neutral zone.
0:50 of 3rd period - Trevor Daley is hit by Luke Schenn and loses puck.
0:59 of 3rd period - Wrist shot by Simon Gagné.
0:59 of 3rd period - Shot Misses the Net.
1:11 of 3rd period - Wrist shot by Dustin Byfuglien.
1:11 of 3rd period - Stopped by Brian Elliott without a rebound.
1:12 of 3rd period - Ryan Kesler wins face-off versus Jordan Nolan in Penguins zone.
1:12 of 3rd period - Ryan Kesler is hit by Jordan Nolan.
1:19 of 3rd period - Luke Schenn is hit by Lubomir Visnovsky and loses puck.
1:44 of 3rd period - Wrist shot by Scottie Upshall.
1:44 of 3rd period - Stopped by Brian Elliott with a rebound.
1:46 of 3rd period - Snap shot by Boyd Devereaux.
1:46 of 3rd period - Stopped by Brian Elliott with a rebound.
2:50 of 3rd period - Minor Penalty to Bobby Ryan for Interference.
2:51 of 3rd period - Ryan Kesler wins face-off versus Anze Kopitar in Penguins zone.
3:19 of 3rd period - Snap shot by Guillaume Latendresse.
3:19 of 3rd period - Stopped by Brian Elliott with a rebound.
3:21 of 3rd period - Slapshot by Johnny Oduya.
3:21 of 3rd period - Shot Blocked by Brendan Smith.
4:50 of 3rd period - Penalty to Bobby Ryan is over, Bobby Ryan is back on ice.
4:56 of 3rd period - Wrist shot by Oleg Kvasha.
4:56 of 3rd period - Shot Misses the Net.
4:58 of 3rd period - Snap shot by Brendan Smith.
4:58 of 3rd period - Shot Blocked by Lubomir Visnovsky.
6:14 of 3rd period - David Jones is hit by Tomas Kaberle and loses puck.
6:47 of 3rd period - Ryan Kesler is hit by Martin Samuelsson and loses puck.
7:04 of 3rd period - Brooks Orpik is hit by Guillaume Latendresse and loses puck.
7:32 of 3rd period - Johnny Oduya is hit by Brooks Orpik and loses puck.
7:37 of 3rd period - Wrist shot by Steven Stamkos.
7:37 of 3rd period - Stopped by Jean-Sébastien Giguère without a rebound.
7:38 of 3rd period - Anze Kopitar wins face-off versus Ryan Kesler in Kings zone.
7:43 of 3rd period - Brendan Smith is hit by Guillaume Latendresse and loses puck.
7:52 of 3rd period - Guillaume Latendresse is hit by Ryan Kesler and loses puck.
8:33 of 3rd period - Brendan Smith is hit by Vladimir Tarasenko and loses puck.
8:38 of 3rd period - Slapshot by Andrei Kostitsyn.
8:38 of 3rd period - Shot Misses the Net.
8:54 of 3rd period - Bobby Ryan is hit by Trevor Daley and loses puck.
9:11 of 3rd period - Icing by Martin Samuelsson.
9:12 of 3rd period - Jordan Nolan wins face-off versus Denis Arkhipov in Kings zone.
9:38 of 3rd period - Icing by Anze Kopitar.
9:39 of 3rd period - Anze Kopitar wins face-off versus Ryan Kesler in Kings zone.
9:46 of 3rd period - Slapshot by Luke Schenn.
9:46 of 3rd period - Deflect By Dustin Penner.
9:46 of 3rd period - Goal by Dustin Penner - Penguins : 5 - Kings : 2.
9:47 of 3rd period - Steven Stamkos wins face-off versus Blake Wheeler in neutral zone.
9:58 of 3rd period - Brendan Smith is hit by Guillaume Latendresse.
11:17 of 3rd period - Off-side.
11:18 of 3rd period - Denis Arkhipov wins face-off versus Boyd Devereaux in neutral zone.
11:21 of 3rd period - Snap shot by Ladislav Nagy.
11:21 of 3rd period - Stopped by Jean-Sébastien Giguère with a rebound.
11:23 of 3rd period - Slapshot by Brian McGrattan.
11:23 of 3rd period - Shot Misses the Net.
11:43 of 3rd period - Boyd Devereaux is hit by Brendan Smith and loses puck.
12:28 of 3rd period - Wrist shot by Johnny Oduya.
12:28 of 3rd period - Stopped by Brian Elliott without a rebound.
12:29 of 3rd period - Matt Duchene wins face-off versus Ryan Kesler in Penguins zone.
12:38 of 3rd period - Slapshot by Bobby Ryan.
12:38 of 3rd period - Shot Misses the Net.
12:40 of 3rd period - Wrist shot by Ryan Kesler.
12:40 of 3rd period - Goal by Ryan Kesler - Penguins : 6 - Kings : 2.
12:41 of 3rd period - Ryan Kesler wins face-off versus Matt Duchene in neutral zone.
13:21 of 3rd period - Steven Stamkos is hit by Guillaume Latendresse and loses puck.
13:34 of 3rd period - Slapshot by David Jones.
13:34 of 3rd period - Deflect By Martin Samuelsson.
13:34 of 3rd period - Shot Misses the Net.
13:34 of 3rd period - Puck is out of play.
13:35 of 3rd period - Oleg Kvasha wins face-off versus Jordan Nolan in Kings zone.
13:42 of 3rd period - Wrist shot by David Jones.
13:42 of 3rd period - Goal by David Jones - Penguins : 7 - Kings : 2.
13:43 of 3rd period - Steven Stamkos wins face-off versus Matt Duchene in neutral zone.
14:15 of 3rd period - Slapshot by Johnny Oduya.
14:15 of 3rd period - Deflect By Blake Wheeler.
14:15 of 3rd period - Shot Misses the Net.
14:15 of 3rd period - Puck is out of play.
14:16 of 3rd period - Ryan Kesler wins face-off versus Matt Duchene in Penguins zone.
14:25 of 3rd period - Wrist shot by Dustin Penner.
14:25 of 3rd period - Stopped by Jean-Sébastien Giguère with a rebound.
14:27 of 3rd period - Wrist shot by Ryan Kesler.
14:27 of 3rd period - Stopped by Jean-Sébastien Giguère without a rebound.
14:28 of 3rd period - Matt Duchene wins face-off versus Simon Gagné in Kings zone.
14:40 of 3rd period - Snap shot by Andrei Kostitsyn.
14:40 of 3rd period - Shot Misses the Net.
14:42 of 3rd period - Snap shot by Trevor Daley.
14:42 of 3rd period - Shot Misses the Net.
14:44 of 3rd period - Snap shot by Matt Duchene.
14:44 of 3rd period - Stopped by Brian Elliott without a rebound.
14:45 of 3rd period - Bobby Ryan wins face-off versus Anze Kopitar in Penguins zone.
14:51 of 3rd period - Johnny Oduya is hit by Brooks Orpik.
15:08 of 3rd period - Andrei Kostitsyn is hit by Nathan Horton and loses puck.
15:28 of 3rd period - Boyd Devereaux and Paul Ranger fight to a draw.
15:28 of 3rd period - Penalty to Boyd Devereaux for Fighting.
15:28 of 3rd period - Penalty to Paul Ranger for Fighting.
15:29 of 3rd period - Anze Kopitar wins face-off versus Ryan Kesler in Kings zone.
15:41 of 3rd period - Icing by Brendan Smith.
15:42 of 3rd period - Ryan Kesler wins face-off versus Anze Kopitar in Penguins zone.
15:42 of 3rd period - Ryan Kesler is hit by Blake Wheeler.
16:08 of 3rd period - Brendan Smith is hit by Johnny Oduya and loses puck.
16:34 of 3rd period - Wrist shot by Ryan Kesler.
16:34 of 3rd period - Shot Misses the Net.
16:45 of 3rd period - Bobby Ryan is hit by Scottie Upshall and loses puck.
17:26 of 3rd period - Snap shot by Steven Stamkos.
17:26 of 3rd period - Stopped by Jean-Sébastien Giguère with a rebound.
17:58 of 3rd period - Ladislav Nagy is hit by Miroslav Satan and loses puck.
18:26 of 3rd period - Brooks Orpik is hit by Matt Duchene and loses puck.
18:45 of 3rd period - Slapshot by Guillaume Latendresse.
18:45 of 3rd period - Stopped by Brian Elliott with a rebound.
19:29 of 3rd period - Luke Schenn is hit by Guillaume Latendresse and loses puck.
Goals for this period are 4 for Penguins vs 0 for Kings.
Shots for this period are 11 for Penguins vs 7 for Kings.